 Dungeon Crawl Stone Soup version 0.27-a0-1456-gf5a116941d (webtiles) character file.

Game seed: 8696934862505080485

3351 blackman the Protected (level 9, 0/82 HPs)
             Began as a Minotaur Fighter on July 5, 2021.
             Was a Priest of Okawaru.
             Slain by a steam dragon (3 damage)
             ... on level 6 of the Dungeon.
             The game lasted 00:26:13 (8344 turns).

blackman the Protected (Minotaur Fighter)           Turns: 8344, Time: 00:26:13

Health: 0/82       AC:  8    Str: 24    XL:     9   Next: 72%
Magic:  10/10      EV:  8    Int:  5    God:    Okawaru [***...]
Gold:   231        SH: 11    Dex: 10    Spells: 8/8 levels left

rFire    . . .     SeeInvis .   a - +0 war axe
rCold    . . .     Faith    .   c - +0 kite shield
rNeg     . . .     Spirit   .   b - +0 scale mail
rPois    .         Reflect  .   (helmet restricted)
rElec    .         Harm     .   (no cloak)
rCorr    .         Rampage  .   (no gloves)
Will     .....                  (no boots)
Stlth    ..........             (no amulet)
HPRegen  0.23/turn              (no ring)
MPRegen  0.12/turn              (no ring)

@: very slow
A: horns 2, retaliatory headbutt
a: Renounce Religion, Heroism


You were on level 6 of the Dungeon.
You worshipped Okawaru.
Okawaru was most pleased with you.
You visited 2 branches of the dungeon, and saw 7 of its levels.
You also visited: Ossuary.

You collected 231 gold pieces.

Inventory:

Hand Weapons
 a - a +0 war axe (weapon)
Armour
 b - a +0 scale mail (worn)
 c - a +0 kite shield (worn)
Wands
 p - a wand of acid (7)
 y - a wand of iceblast (8)
Scrolls
 e - 2 scrolls of enchant weapon {unknown}
 g - 2 scrolls of immolation {unknown}
 h - a scroll of silence {unknown}
 i - 2 scrolls of amnesia {unknown}
 k - 9 scrolls of teleportation
 l - a scroll of enchant armour {unknown}
 o - a scroll of noise {unknown}
 w - a scroll of brand weapon {unknown}
 x - a scroll of holy word {unknown}
Potions
 d - 3 potions of brilliance {unknown}
 f - a potion of curing
 j - 2 potions of attraction
 m - a potion of ambrosia
 n - a potion of magic {unknown}
 q - 2 potions of lignification
 r - a potion of resistance
 s - a potion of might
 t - a potion of invisibility
 u - a potion of flight
 v - 2 potions of haste


   Skills:
 + Level 8.7 Fighting
 + Level 8.3 Axes
 + Level 8.8 Armour
 + Level 8.8 Shields
 + Level 3.5 Invocations


You had 8 spell levels left.
You didn't know any spells.
Your spell library contained the following spells:

 Spells                   Type           Power      Damage    Failure   Level
 Apportation              Tloc           0%         N/A       94%         1
 Pain                     Necr           0%         1d4       94%         1
 Sting                    Tmut/Pois      0%         1d3       94%         1
 Corpse Rot               Necr/Air       N/A        N/A       98%         2
 Poisonous Vapours        Pois/Air       0%         N/A       98%         2
 Slow                     Hex            0%         N/A       98%         2
 Confusing Touch          Hex            0%         N/A       100%        3
 Conjure Flame            Conj/Fire      0%         6-21      100%        3
 Ignite Poison            Fire/Tmut/Pois 0%         N/A       100%        3
 Vampiric Draining        Necr           0%         2d6       100%        3
 Dispel Undead            Necr           0%         3d6       100%        4
 Olgreb's Toxic Radiance  Pois           0%         N/A       100%        4
 Sticky Flame             Conj/Fire      0%         2d3       100%        4
 Agony                    Necr           0%         N/A       100%        5
 Alistair's Intoxication  Tmut/Pois      0%         N/A       100%        5
 Excruciating Wounds      Necr           0%         N/A       100%        5
 Death Channel            Necr           0%         N/A       100%        6
 Invisibility             Hex            0%         N/A       100%        6


Dungeon Overview and Level Annotations

Branches:
Dungeon (6/15)             Temple (1/1) D:4         Ossuary (visited)

Altars:
Ashenzari
Cheibriados
Dithmenos
Elyvilon
Gozag
Hepliaklqana
Makhleb
Nemelex Xobeh
Okawaru
Ru
Sif Muna
Trog
Uskayaw
Yredelemnul
The Shining One
Lugonu

Shops:
D:5 (


Innate Abilities, Weirdness & Mutations

You have a pair of horns on your head.
You reflexively headbutt those who attack you in melee.


Message History

You slash the fungus! You barely miss the steam dragon.
The steam dragon breathes steam at you. The ball of steam hits you!
You block the steam dragon's attack. x2
You are too injured to fight recklessly!
You closely miss the steam dragon. Your headbutt misses the steam dragon.
You hit the fungus but do no damage.
You are engulfed in a cloud of scalding steam.
A nearby fungus withers and dies. x2; You block the steam dragon's attack. x2
You closely miss the steam dragon.
You are engulfed in a cloud of scalding steam.
You block the steam dragon's attack. The steam dragon completely misses you.
Your unstable footing causes you to fumble your attack.
The steam dragon closely misses you. x2
Your unstable footing causes you to fumble your attack.
You are engulfed in a cloud of scalding steam.
You block the steam dragon's attack. The steam dragon closely misses you.
You hit the steam dragon.
The steam dragon is lightly wounded.
The fungus is engulfed in a cloud of scalding steam.
The fungus begins to die.
You block the steam dragon's attack. x2
The steam dragon bites you.
The steam dragon claws you but does no damage.
You slash the steam dragon! Your headbutt misses the steam dragon.
The steam dragon is severely wounded.
The steam dragon breathes steam at you. The ball of steam hits you!
* * * LOW HITPOINT WARNING * * *
Your unstable footing causes you to fumble your attack.
You are engulfed in a cloud of scalding steam.
* * * LOW HITPOINT WARNING * * *
The fungus is engulfed in a cloud of scalding steam.
A nearby fungus withers and dies.
The steam dragon bites you but does no damage.
You block the steam dragon's attack.
You hit the steam dragon but do no damage.
The steam dragon is severely wounded.
You are engulfed in a cloud of scalding steam.
* * * LOW HITPOINT WARNING * * *
The steam dragon bites you.
You die...

#.#..# ##≈PP### #....##
##≈P..≈≈########.....##
#≈^.....##.....[.......
#.≈....P.#######.....##
#≈......≈ ##....#
#.≈..≈≈# ####.# #≈≈..D#
#.# #.[@# #.# #≈§≈# #.#
#§.≈# #.# #...# #.#
#.§≈# #.# #...# #.#
#..## #.## #^.# #...
##P.# ####


You could see a steam dragon (catching breath).

Vanquished Creatures
  A two-headed ogre (D:6)
  Sigmund (D:3)
  A wraith (Ossuary)
  A steam dragon (D:6)
  Menkaure (D:4)
  Duvessa (D:5)
  3 ice beasts
  A sky beast (D:5)
  A black bear (D:5)
  2 necrophages (D:6)
  5 ogres
  A centaur (D:6)
  A phantom (D:6)
  Dowan (D:5)
  A scorpion (D:5)
  A water moccasin zombie (D:6)
  A centaur zombie (D:6)
  2 hounds
  A bullfrog skeleton (D:6)
  A centaur skeleton (D:4)
  2 human zombies (Ossuary)
  An orc priest (D:5)
  3 orc wizards
  2 iguanas
  2 hound skeletons (D:4)
  A hound zombie (D:5)
  4 mummies
  A howler monkey zombie (D:5)
  11 adders
  3 ufetubi (D:4)
  2 adder skeletons (D:4)
  2 worms
  4 dart slugs
  12 orcs
  5 ball pythons
  6 bats
  7 endoplasms
  5 giant cockroaches
  7 goblins
  7 hobgoblins
  11 jackals
  6 kobolds
  6 quokkas
  4 frilled lizards
  2 goblin zombies
  2 hobgoblin zombies
  2 kobold zombies (Ossuary)
  An orc zombie (Ossuary)
  9 rats
158 creatures vanquished.

Vanquished Creatures (others)
  6 fungi (D:6)
6 creatures vanquished.

Grand Total: 164 creatures vanquished

Notes
Turn   | Place    | Note
-------+----------+-------------------------------------------
     0 | D:1      | blackman the Minotaur Fighter began the quest for the Orb.
     0 | D:1      | Reached XP level 1. HP: 19/19 MP: 0/0
   144 | D:1      | Reached XP level 2. HP: 27/27 MP: 1/1
   475 | D:1      | Reached XP level 3. HP: 32/33 MP: 2/2
   941 | D:2      | Reached XP level 4. HP: 22/40 MP: 3/3
  1207 | D:2      | Found a snail-covered altar of Cheibriados.
  1734 | D:3      | Reached XP level 5. HP: 41/47 MP: 4/4
  1902 | D:3      | Found a faded altar of an unknown god.
  2172 | D:3      | Noticed Sigmund
  2661 | D:3      | Killed Sigmund
  2662 | D:3      | Reached skill level 5 in Fighting
  2662 | D:3      | Reached skill level 5 in Armour
  2662 | D:3      | Reached skill level 5 in Shields
  2662 | D:3      | Reached XP level 6. HP: 31/56 MP: 5/5
  2840 | D:3      | Found a bloodstained altar of Trog.
  3196 | D:4      | Found an iron altar of Okawaru.
  3398 | D:4      | Found a staircase to the Ecumenical Temple.
  3409 | D:4      | Noticed Menkaure
  3413 | Temple   | Entered the Ecumenical Temple
  3590 | D:4      | Became a worshipper of Warmaster Okawaru
  3606 | D:4      | Killed Menkaure
  3607 | D:4      | Reached skill level 5 in Axes
  3607 | D:4      | Reached XP level 7. HP: 24/62 MP: 6/6
  3906 | D:4      | Found a white marble altar of Elyvilon.
  4206 | D:4      | Found a hazy altar of Hepliaklqana.
  4480 | D:5      | Entered Level 5 of the Dungeon
  4564 | D:5      | Noticed Duvessa
  4591 | D:5      | Killed Duvessa
  4898 | D:5      | Reached * piety under Okawaru
  4899 | D:5      | Reached XP level 8. HP: 50/71 MP: 7/7
  5481 | D:5      | Noticed Dowan
  5488 | D:5      | Killed Dowan
  5815 | D:5      | Found Rekhluoh's Weapon Shoppe.
  5887 | D:5      | Found a sacrificial altar of Ru.
  6243 | D:6      | Found a broken altar of Ashenzari.
  6266 | D:6      | Reached skill level 1 in Invocations
  6301 | D:6      | Found a burning altar of Makhleb.
  6403 | D:6      | Found a sand-covered staircase.
  6413 | Ossuary  | Entered an ossuary
  6642 | Ossuary  | Reached ** piety under Okawaru
  6663 | Ossuary  | Reached XP level 9. HP: 51/81 MP: 9/9
  7695 | D:6      | Noticed a two-headed ogre
  7725 | D:6      | Killed a two-headed ogre
  7725 | D:6      | Reached *** piety under Okawaru
  8344 | D:6      | HP: 3/82 [steam dragon] (5)]
  8344 | D:6      | Slain by a steam dragon

Illustrated notes

Levels and vault maps discovered:
D:1:      dpeg_arrival_rooms_a, layout_basic, interstate_on_off
D:2:      layout_basic, basic_altar
D:3:      layout_rooms, trog_book, shapermc_ecumenical_altar_venn, uniq_sigmund
D:4:      layout_basic, okawaru_ov_weapons_minmay, lemuel_crystal_altar,
          nicolae_hepliaklqana_hippocampus, minmay_temple_entry_antechambers,
          uniq_menkaure
D:5:      layout_basic, nicolae_ru_path_of_blood, serial_shops, shop,
          uniq_duvessa
D:6:      kennysheep_steamy, layout_loops_corners, ashenzari_altar_1,
          makhleb_heckhound_becter, nicolae_ossuary_entry_giza
Temple:   corrupted_temple

Skill      XL: |  1  2  3  4  5  6  7  8  9 |
---------------+----------------------------+-----
Fighting       | 4 5 6 7 8 |  8.7
Armour         | 4 5 6 7 8 |  8.8
Shields        | 4 5 6 7 8 |  8.8
Axes           | 3 4 5 6 7 8 |  8.3
Invocations    | 1 3 |  3.5

Action                   |  1- 3 |  4- 6 |  7- 9 || total
-------------------------+-------+-------+-------++-------
Melee: War axe           |    65 |   100 |   257 ||   422
       Headbutt          |    11 |    18 |    56 ||    85
Invok: Heroism           |       |       |     2 ||     2
  Use: Scroll            |       |     3 |     6 ||     9
       Potion            |       |     1 |       ||     1
Armor: Scale mail        |    37 |    42 |    96 ||   175
Dodge: Dodged            |    22 |    38 |    80 ||   140
Block: Kite shield       |    29 |    63 |   122 ||   214

Table legend: (Time is in decaauts)
 A = Elapsed time spent in this place.
 B = Non-inter-level travel time spent in this place.
 C = Inter-level travel time spent in this place.
 D = Time resting spent in this place.
 E = Time spent auto-exploring this place.
 F = Levels seen in this place.
 G = Mean time per level.
                   A        B        C        D        E       F      G
               +--------+--------+--------+--------+--------+-----+--------+
         Total |   8529 |   8066 |    463 |   2408 |   4019 |   8 | 1066.1 |
       Dungeon |   7521 |   7058 |    463 |   2003 |   4005 |   6 | 1253.5 |
        Temple |    118 |    118 |      0 |      0 |      0 |   1 |  118.0 |
       Ossuary |    889 |    889 |      0 |    405 |     14 |   1 |  889.0 |
               +--------+--------+--------+--------+--------+-----+--------+

Top non-repeatable levels by time:
     D:5: 1725 daAuts
     D:2: 1416 daAuts
     D:6: 1333 daAuts
     D:4: 1276 daAuts
     D:3: 968 daAuts
 Ossuary: 889 daAuts
     D:1: 800 daAuts
  Temple: 118 daAuts
